SAA
SAN BERNARDINO GRASSHOPPERS @ LANNISTER UNITED LIONHEARTS
05/06/2034
 
TOP OF THE 1ST
San Bernardino Grasshoppers batting - Pitching for Lannister United Lionhearts : RHP Julián Moreno
Pitching: RHP Julián Moreno
Batting: LHB Jesús Hernández 0-0: Ball
1-0: Called Strike
1-1: Ground out 4-3 (Groundball, 34D)
Batting: RHB Reinaart Manshert 0-0: Ball
1-0: Foul Ball, location: 2F
1-1: Fly out, F3 (Popup, 3S)
Batting: LHB Weston Doyle 0-0: SINGLE (Line Drive, 89M)
Batting: LHB Travis Towns 0-0: Ball
1-0: Fly out, F7 (Line Drive, 7)
Top of the 1st over - 0 runs, 1 hit, 0 errors, 1 left on base; San Bernardino 0 - Lannister United 0
BOTTOM OF THE 1ST
Lannister United Lionhearts batting - Pitching for San Bernardino Grasshoppers : LHP Tracy Cowdin
Pitching: LHP Tracy Cowdin
Batting: RHB Gonzalo Vásquez 0-0: Ball
1-0: Fly out, F7 (Flyball, 78M)
Batting: LHB Michael Witt 0-0: Ball
1-0: Swinging Strike
1-1: Ball
2-1: Called Strike
2-2: Strikes out swinging
Batting: RHB Mitsuhide Bando 0-0: Called Strike
0-1: Ball
1-1: SOLO HOME RUN (Flyball, 7LD), Distance : 330 ft
Batting: RHB Breanainn Swartwood 0-0: Ball
1-0: SINGLE (Groundball, 34D)
Batting: SHB Gerrie Bond 0-0: Foul Ball, location: 2F
0-1: Ball
1-1: Called Strike
1-2: SINGLE (Groundball, 34D)
Breanainn Swartwood to second
Runner from 2nd tries for 3rd, SAFE, no throw
Batting: RHB Mareka Naidoo 0-0: Ball
1-0: Fielders Choice at 2nd, 5-4 (Groundball, 5L)
Bottom of the 1st over - 1 run, 3 hits, 0 errors, 2 left on base; San Bernardino 0 - Lannister United 1
TOP OF THE 2ND
San Bernardino Grasshoppers batting - Pitching for Lannister United Lionhearts : RHP Julián Moreno
Batting: RHB Howard Lee 0-0: Called Strike
0-1: Fly out, F6 (Popup, 6M)
Batting: RHB John Clark 0-0: Fly out, F9 (Line Drive, 9)
Batting: LHB Luis García 0-0: Swinging Strike
0-1: Called Strike
0-2: Ball
1-2: Strikes out swinging
Top of the 2nd over - 0 runs, 0 hits, 0 errors, 0 left on base; San Bernardino 0 - Lannister United 1
BOTTOM OF THE 2ND
Lannister United Lionhearts batting - Pitching for San Bernardino Grasshoppers : LHP Tracy Cowdin
Batting: SHB Sean Scheetz 0-0: Foul Ball, location: 2F
0-1: Fly out, F5 (Popup, 5SF)
Batting: LHB Dave Watts 0-0: Ground out 6-3 (Groundball, 6)
Batting: SHB Miklos Elias 0-0: Ball
1-0: Ball
2-0: Ball
3-0: Called Strike
3-1: Base on Balls
Batting: RHB Gonzalo Vásquez 0-0: Ball
Miklos Elias is caught stealing 2nd base
Bottom of the 2nd over - 0 runs, 0 hits, 0 errors, 0 left on base; San Bernardino 0 - Lannister United 1
TOP OF THE 3RD
San Bernardino Grasshoppers batting - Pitching for Lannister United Lionhearts : RHP Julián Moreno
Batting: LHB Matt Ouweneel 0-0: Foul Ball, location: 2F
0-1: Called Strike
0-2: Strikes out swinging
Batting: RHB Andy Alderliesten 0-0: Ground out 4-3 (Groundball, 4)
Batting: LHB Jesús Hernández 0-0: Ball
1-0: Ball
2-0: Called Strike
2-1: Ball
3-1: DOUBLE (Line Drive, 8RD)
Batting: RHB Reinaart Manshert 0-0: Fly out, F7 (Flyball, 7)
Top of the 3rd over - 0 runs, 1 hit, 0 errors, 1 left on base; San Bernardino 0 - Lannister United 1
BOTTOM OF THE 3RD
Lannister United Lionhearts batting - Pitching for San Bernardino Grasshoppers : LHP Tracy Cowdin
Batting: RHB Gonzalo Vásquez 0-0: Called Strike
0-1: Ball
1-1: Swinging Strike
1-2: Fly out, F6 (Line Drive, 6M)
Batting: LHB Michael Witt 0-0: Ball
1-0: SINGLE (Line Drive, 9S)
Batting: RHB Mitsuhide Bando 0-0: Ball
1-0: Ball
2-0: Ball
3-0: Called Strike
3-1: Grounds into double play, 5-4-3 (Groundball, 5L)
Bottom of the 3rd over - 0 runs, 1 hit, 0 errors, 0 left on base; San Bernardino 0 - Lannister United 1
TOP OF THE 4TH
San Bernardino Grasshoppers batting - Pitching for Lannister United Lionhearts : RHP Julián Moreno
Batting: LHB Weston Doyle 0-0: Ball
1-0: Ground out 4-3 (Groundball, 4)
Batting: LHB Travis Towns 0-0: Called Strike
0-1: Foul Ball, location: 2F
0-2: Ground out 4-3 (Groundball, 4M)
Batting: RHB Howard Lee 0-0: Foul Ball, location: 2F
0-1: Ground out 4-3 (Groundball, 4)
Top of the 4th over - 0 runs, 0 hits, 0 errors, 0 left on base; San Bernardino 0 - Lannister United 1
BOTTOM OF THE 4TH
Lannister United Lionhearts batting - Pitching for San Bernardino Grasshoppers : LHP Tracy Cowdin
Batting: RHB Breanainn Swartwood 0-0: Ball
1-0: Called Strike
1-1: Foul Ball, location: 2F
1-2: Fly out, F5 (Popup, 15)
Batting: SHB Gerrie Bond 0-0: Ball
1-0: Called Strike
1-1: Ball
2-1: Ball
3-1: Ground out 4-3 (Groundball, 4)
Batting: RHB Mareka Naidoo 0-0: Ball
1-0: Ball
2-0: SINGLE (Groundball, 56D)
Batting: SHB Sean Scheetz 0-0: Ball
1-0: Ball
2-0: Called Strike
2-1: Ball
3-1: Foul Ball, location: 2F
3-2: Base on Balls
Mareka Naidoo to second
Batting: LHB Dave Watts 0-0: Foul Ball, location: 2F
0-1: Ball
1-1: Ball
2-1: Fly out, F9 (Flyball, 9S)
Bottom of the 4th over - 0 runs, 1 hit, 0 errors, 2 left on base; San Bernardino 0 - Lannister United 1
TOP OF THE 5TH
San Bernardino Grasshoppers batting - Pitching for Lannister United Lionhearts : RHP Julián Moreno
Batting: RHB John Clark 0-0: Ball
1-0: Called Strike
1-1: Ball
2-1: Fly out, F9 (Flyball, 9)
Batting: LHB Luis García 0-0: Fly out, F8 (Flyball, 8LXD)
Batting: LHB Matt Ouweneel 0-0: Ball
1-0: Called Strike
1-1: Ball
2-1: Fly out, F8 (Flyball, 8LD)
Top of the 5th over - 0 runs, 0 hits, 0 errors, 0 left on base; San Bernardino 0 - Lannister United 1
BOTTOM OF THE 5TH
Lannister United Lionhearts batting - Pitching for San Bernardino Grasshoppers : LHP Tracy Cowdin
Batting: SHB Miklos Elias 0-0: Called Strike
0-1: Reached on error, E6 (Groundball, 6)
Batting: RHB Gonzalo Vásquez 0-0: Sac Bunt - play at first, batter OUT! 2-3
Miklos Elias to second
Batting: LHB Michael Witt 0-0: Ball
1-0: Called Strike
1-1: Ball
2-1: Ball
3-1: Called Strike
3-2: Strikes out looking
Batting: RHB Mitsuhide Bando 0-0: Called Strike
0-1: Ball
1-1: Ball
2-1: Called Strike
2-2: Fly out, F5 (Popup, 5S)
Bottom of the 5th over - 0 runs, 0 hits, 1 error, 1 left on base; San Bernardino 0 - Lannister United 1
TOP OF THE 6TH
San Bernardino Grasshoppers batting - Pitching for Lannister United Lionhearts : RHP Julián Moreno
Batting: RHB Andy Alderliesten 0-0: Ball
1-0: Fly out, F9 (Flyball, 89D)
Batting: LHB Jesús Hernández 0-0: Called Strike
0-1: Ball
1-1: Foul Ball, location: 2F
1-2: Ground out 4-3 (Groundball, 4)
Batting: RHB Reinaart Manshert 0-0: Ball
1-0: Ball
2-0: Called Strike
2-1: Swinging Strike
2-2: Strikes out swinging
Top of the 6th over - 0 runs, 0 hits, 0 errors, 0 left on base; San Bernardino 0 - Lannister United 1
BOTTOM OF THE 6TH
Lannister United Lionhearts batting - Pitching for San Bernardino Grasshoppers : LHP Tracy Cowdin
Batting: RHB Breanainn Swartwood 0-0: Ball
1-0: Called Strike
1-1: Ball
2-1: Called Strike
2-2: Foul Ball, location: 2F
2-2: Foul Ball, location: 2F
2-2: Ball
3-2: SINGLE (Line Drive, 7S)
Batting: SHB Gerrie Bond 0-0: Called Strike
0-1: Foul Ball, location: 2F
0-2: Fly out, F7 (Flyball, 78XD)
Batting: RHB Mareka Naidoo 0-0: Grounds into double play, 5-4-3 (Groundball, 56)
Bottom of the 6th over - 0 runs, 1 hit, 0 errors, 0 left on base; San Bernardino 0 - Lannister United 1
TOP OF THE 7TH
San Bernardino Grasshoppers batting - Pitching for Lannister United Lionhearts : RHP Julián Moreno
Batting: LHB Weston Doyle 0-0: Ground out 1-3 (Groundball, 13S)
Batting: LHB Travis Towns 0-0: Ball
1-0: Ground out 6-3 (Groundball, 6S)
Batting: RHB Howard Lee 0-0: Ball
1-0: Ball
2-0: Swinging Strike
2-1: Foul Ball, location: 2F
2-2: Ball
3-2: Foul Ball, location: 2F
3-2: SINGLE (Line Drive, 7LM)
Batting: RHB John Clark 0-0: Ball
1-0: Called Strike
1-1: Swinging Strike
1-2: Foul Ball, location: 2F
1-2: SINGLE (Line Drive, 4MD)
Howard Lee to second
Batting: LHB Luis García 0-0: Fly out, F9 (Line Drive, 9D)
Top of the 7th over - 0 runs, 2 hits, 0 errors, 2 left on base; San Bernardino 0 - Lannister United 1
BOTTOM OF THE 7TH
Lannister United Lionhearts batting - Pitching for San Bernardino Grasshoppers : LHP Tracy Cowdin
Batting: SHB Sean Scheetz 0-0: Ball
1-0: Ball
2-0: Ball
3-0: Base on Balls
Pinch Hitting: RHB Juan López 0-0: Ball
1-0: Sac Bunt - play at first, batter OUT! 1-4
Sean Scheetz to second
Pinch Hitting: RHB Craig Greene 0-0: Intentional Walk
Pinch Runner at 2nd Manny García:
Batting: RHB Gonzalo Vásquez 0-0: Ball
Manny García is caught stealing 3rd base
1-0: Called Strike
1-1: Ground out 4-3 (Groundball, 4)
Bottom of the 7th over - 0 runs, 0 hits, 0 errors, 1 left on base; San Bernardino 0 - Lannister United 1
TOP OF THE 8TH
San Bernardino Grasshoppers batting - Pitching for Lannister United Lionhearts : RHP Julián Moreno
Now at 2B: Juan López
Batting: LHB Matt Ouweneel 0-0: Swinging Strike
Now at 2B: Craig Greene 0-1: Ball
1-1: Foul Ball, location: 2F
1-2: Ball
2-2: Ball
3-2: SINGLE (Groundball, 3) (infield hit)
Batting: RHB Andy Alderliesten 0-0: Ball
1-0: Ball
2-0: Sac Bunt - play at first, batter OUT! 3-4
Matt Ouweneel to second
Batting: LHB Jesús Hernández 0-0: Swinging Strike
0-1: SINGLE (Line Drive, 34D)
Matt Ouweneel to third
Batting: RHB Reinaart Manshert 0-0: Called Strike
0-1: Fielders Choice at 2nd, 6-4 (Groundball, 6M)
Matt Ouweneel scores
Batting: LHB Weston Doyle 0-0: Ball
Reinaart Manshert steals 2nd base
1-0: Ball
2-0: Called Strike
2-1: Ball
3-1: Fly out, F8 (Flyball, 8RD)
Top of the 8th over - 1 run, 2 hits, 0 errors, 1 left on base; San Bernardino 1 - Lannister United 1
BOTTOM OF THE 8TH
Lannister United Lionhearts batting - Pitching for San Bernardino Grasshoppers : LHP Tracy Cowdin
Pitching: RHP Edo Culley
Batting: LHB Michael Witt 0-0: Swinging Strike
0-1: Foul Ball, location: 2F
0-2: Strikes out swinging
Batting: RHB Mitsuhide Bando 0-0: Ball
1-0: Ground out 5-3 (Groundball, 56)
Batting: RHB Breanainn Swartwood 0-0: Ball
1-0: Ball
2-0: Ball
3-0: Base on Balls
Batting: SHB Gerrie Bond 0-0: Ball
1-0: Swinging Strike
1-1: Swinging Strike
1-2: Foul Ball, location: 2F
1-2: SINGLE (Flyball, 9LS)
Breanainn Swartwood to second
Runner from 2nd tries for 3rd, SAFE, no throw
Batting: RHB Mareka Naidoo 0-0: Ball
1-0: Ball
2-0: Called Strike
2-1: Fly out, F9 (Flyball, 89D)
Bottom of the 8th over - 0 runs, 1 hit, 0 errors, 2 left on base; San Bernardino 1 - Lannister United 1
TOP OF THE 9TH
San Bernardino Grasshoppers batting - Pitching for Lannister United Lionhearts : RHP Julián Moreno
Pitching: RHP Joy-shan Men
Batting: LHB Travis Towns 0-0: Called Strike
0-1: Ball
1-1: Called Strike
1-2: Ball
2-2: Foul Ball, location: 2F
2-2: SINGLE (Flyball, 89S)
Batting: RHB Howard Lee 0-0: Swinging Strike
0-1: Ball
1-1: Foul Ball, location: 2F
1-2: Strikes out swinging
Batting: RHB John Clark 0-0: Ball
1-0: Called Strike
1-1: Ball
2-1: Ball
3-1: Base on Balls
Travis Towns to second
Batting: LHB Luis García 0-0: Swinging Strike
0-1: Ball
1-1: Ball
Wild Pitch!
Travis Towns to third
John Clark to second
2-1: 3-RUN HOME RUN (Line Drive, 89D), Distance : 387 ft
Pitching: RHP Shusaku Kobayashi
Batting: LHB Matt Ouweneel 0-0: Swinging Strike
0-1: Foul Ball, location: 2F
0-2: Ball
1-2: Ball
2-2: DOUBLE (Line Drive, 78D)
Batting: RHB Andy Alderliesten 0-0: Called Strike
0-1: Foul Ball, location: 2F
0-2: Ball
1-2: Strikes out swinging
Batting: LHB Jesús Hernández 0-0: Called Strike
0-1: Ball
1-1: Ball
2-1: Ground out U3 (Groundball, 3)
Top of the 9th over - 3 runs, 3 hits, 0 errors, 1 left on base; San Bernardino 4 - Lannister United 1
BOTTOM OF THE 9TH
Lannister United Lionhearts batting - Pitching for San Bernardino Grasshoppers : RHP Edo Culley
Pitching: RHP Marcos Mesorana
Batting: RHB Manny García 0-0: Foul Ball, location: 2F
0-1: Fly out, F7 (Flyball, 7S)
Batting: RHB Juan López 0-0: Called Strike
0-1: Ball
1-1: Ground out 3-1 (Groundball, 34D)
Batting: RHB Craig Greene 0-0: Reached on error, E6 (Groundball, 6)
Batting: RHB Gonzalo Vásquez 0-0: Ball
1-0: Reached on error, E6 (Groundball, 56)
Craig Greene to second
Batting: LHB Michael Witt 0-0: Foul Ball, location: 2F
0-1: Called Strike
0-2: Ball
1-2: Ball
2-2: Foul Ball, location: 2F
2-2: Strikes out swinging
Bottom of the 9th over - 0 runs, 0 hits, 2 errors, 2 left on base; San Bernardino 4 - Lannister United 1
Friday, March 29th, 2019 - OOTP Baseball 18.8 Build 76